 Dungeon Crawl Stone Soup version 0.24.0-35-gdb84b6a5db (webtiles) character file.

Game seed: 15698191915938640267, levelgen mode: deterministic

259383 qpqp the Warrior (level 19, -7/228 HPs)
             Began as an Ogre Fighter on Nov 18, 2019.
             Was the Champion of Ashenzari.
             Shot with a bolt by a yaktaur captain (50 damage)
             ... on level 1 of the Vaults.
             The game lasted 02:32:06 (61674 turns).

qpqp the Warrior (Ogre Fighter)                    Turns: 61674, Time: 02:32:07

Health: -7/228     AC: 12    Str: 34    XL:     19   Next: 90%
Magic:  7/10       EV: 21    Int: 19    God:    Ashenzari [******]
Gold:   1575       SH:  4    Dex: 15    Spells: 22/35 levels left

rFire    . . .     SeeInvis +   g - +8 great mace of Vokacut {antimagic, rPois Str+4 Stlth-}
rCold    . . .     Gourm    .   (shield currently unavailable)
rNeg     . . .     Faith    .   y - +5 robe of Night {Dark MR+ SInv}
rPois    +         Spirit   .   (helmet restricted)
rElec    .         Reflect  .   w - +2 cloak of the Thief {+Fog Slay-2 SInv Stlth+} (curse)
rCorr    .         Harm     .   (gloves unavailable)
MR       +++..     Clarity  +   (boots unavailable)
Stlth    +.........             T - amulet of Nafficlo {*Contam Regen+ Int+9 Dex+2} (curse)
HPRegen  0.00/turn              v - ring of wizardry (curse)
MPRegen  0.12/turn              K - ring of protection from magic

@: mighty, very slightly contaminated
A: large, unfitting armour, horns 1, large bone plates 1, rugged brown scales 1,
inhibited regeneration, tough skin 1
}: 2/15 runes: barnacled, gossamer
a: Curse Item, Scrying, Transfer Knowledge, Renounce Religion, Evoke Fog


You were on level 1 of the Vaults.
You worshipped Ashenzari.
Ashenzari was exalted by your worship.
You were very hungry.

You visited 8 branches of the dungeon, and saw 37 of its levels.
You also visited: Ossuary.

You collected 3007 gold pieces.
You spent 1432 gold pieces at shops.

Inventory:

Hand Weapons
 g - the +8 great mace of Vokacut (weapon) {antimagic, rPois Str+4 Stlth-}
   (You acquired it on level 4 of the Lair of Beasts)

   It reduces the magical energy of the wielder, and disrupts the spells and
   magical abilities of those hit.
   Natural abilities and divine invocations are not affected.
   It affects your strength (+4).
   It protects you from poison.
   It makes you less stealthy.
 D - the +8 flail "Febiuh" {speed, *Noise +Rage +Inv rF++}
   (You found it on level 1 of the Shoals)

   Attacks with this weapon are significantly faster.
   It greatly protects you from fire.
   It lets you turn invisible.
   It lets you go berserk.
   It may make noises in combat.
Missiles
 h - 67 poisoned darts (quivered)
 p - 13 large rocks
 H - 6 throwing nets
 M - 33 silver javelins
Armour
 a - +0 steam dragon scales
 w - the cursed +2 cloak of the Thief (worn) {+Fog Slay-2 SInv Stlth+}
   (You found it on level 5 of the Lair of Beasts)

   It affects your accuracy and damage with ranged weapons and melee attacks
   (-2).
   It lets you see invisible.
   It makes you more stealthy.
   It has a curse placed upon it.
 y - the +5 robe of Night (worn) {Dark MR+ SInv}
   (You found it on level 2 of the Spider Nest)

   It affects your resistance to hostile enchantments.
   It lets you see invisible.
 N - the +10 large shield of Ignorance {rN+ Int-4}
   (You found it on level 2 of the Orcish Mines)

   It affects your intelligence (-4).
   It protects you from negative energy.
 S - a +0 troll leather armour
Jewellery
 q - an uncursed ring of resist corrosion
 r - the ring of the Devil {+Fly rC+ MR+ Stlth+}
   (You took it off a merfolk javelineer on level 4 of the Shoals)

   [ring of flight]

   It protects you from cold.
   It affects your resistance to hostile enchantments.
   It lets you fly.
   It makes you more stealthy.
 v - a cursed ring of wizardry (left hand)
 K - a ring of protection from magic (right hand)
 T - the cursed amulet of Nafficlo (around neck) {*Contam Regen+ Int+9 Dex+2}
   (You found it on level 11 of the Dungeon)

   [amulet of regeneration]

   It affects your intelligence (+9).
   It affects your dexterity (+2).
   It causes magical contamination when unequipped.
   It increases your rate of regeneration.
   It has a curse placed upon it.
Wands
 c - a wand of digging (5)
 i - a wand of iceblast (29)
 s - a wand of enslavement (10)
 A - a wand of flame (4)
 I - a wand of polymorph (8)
 L - a wand of acid (9)
 V - a wand of disintegration (23)
 W - a wand of paralysis (11)
 X - a wand of scattershot (8)
Scrolls
 d - 8 scrolls of amnesia
 e - 7 scrolls of remove curse
 m - 2 scrolls of magic mapping
 o - 2 scrolls of fog
 E - a scroll of teleportation
 F - 16 scrolls of identify
 G - a scroll of enchant weapon
 J - 5 scrolls of immolation
 Q - 4 scrolls of summoning
 R - a scroll of holy word
 U - 2 scrolls of blinking
 Y - a scroll of brand weapon {unknown}
Potions
 b - 3 potions of haste
 k - 15 potions of curing
 n - 5 potions of flight
 t - 2 potions of agility
 u - a potion of heal wounds
 B - a potion of brilliance
 C - 3 potions of might
 O - 5 potions of ambrosia
 P - a potion of cancellation
 Z - 2 potions of resistance
Miscellaneous
 j - a lightning rod (4/4)
 l - a crystal ball of energy
 x - a box of beasts
 z - a fan of gales
Comestibles
 f - 36 rations


   Skills:
 + Level 20.9 Fighting
 * Level 18.2 Maces & Flails
 - Level 5.6 Armour
 + Level 16.1 Dodging
 - Level 2.7 Shields
 + Level 8.6 Spellcasting
 - Level 1.0(2.7) Translocations
 - Level 5.9(9.0) Transmutations
 - Level 5.1(8.1) Earth Magic
 + Level 5.9(9.0) Evocations


You had 22 spell levels left.
You knew the following spells:

 Your Spells              Type           Power        Failure   Level  Hunger
a - Apportation           Tloc           ###...       1%          1    None
b - Regeneration          Chrm/Necr      #.........   9%          3    None
c - Confusing Touch       Hex            #.....       3%          1    None
d - Statue Form           Tmut/Erth      #####....    16%         6    ######.
e - Blink                 Tloc           N/A          1%          2    None

Your spell library contained the following spells:

 Spells                   Type           Power        Failure   Level  Hunger
 Beastly Appendage        Tmut           #####.       1%          1    None
 Passwall                 Tmut/Erth      #####...     1%          2    None
 Shroud of Golubria       Chrm/Tloc      ##....       2%          2    None
 Ignite Poison            Fire/Tmut/Pois ###.....     2%          3    None
 Animate Skeleton         Necr           N/A          3%          1    None
 Corona                   Hex            #......      3%          1    None
 Infusion                 Chrm           #...         3%          1    None
 Magic Dart               Conj           #...         3%          1    None
 Pain                     Necr           #...         3%          1    None
 Summon Small Mammal      Summ           #...         3%          1    None
 Call Imp                 Summ           #.......     4%          2    None
 Ensorcelled Hibernation  Hex/Ice        #.....       4%          2    None
 Searing Ray              Conj           #.....       4%          2    None
 Slow                     Hex            #.......     4%          2    None
 Song of Slaying          Chrm           #.......     4%          2    None
 Throw Frost              Conj/Ice       #.....       4%          2    None
 Portal Projectile        Hex/Tloc       ##....       6%          3    None
 Leda's Liquefaction      Hex/Erth       ###.......   6%          4    ###....
 Confuse                  Hex            #.......     9%          3    None
 Conjure Flame            Conj/Fire      #.......     9%          3    None
 Dazzling Spray           Conj/Hex       #.....       9%          3    None
 Inner Flame              Hex/Fire       #.......     9%          3    None
 Mephitic Cloud           Conj/Pois/Air  #.......     9%          3    None
 Spectral Weapon          Hex/Chrm       #.......     9%          3    None
 Static Discharge         Conj/Air       #.......     9%          3    None
 Tukima's Dance           Hex            #.......     9%          3    None
 Vampiric Draining        Necr           #.........   9%          3    None
 Irradiate                Conj/Tmut      ####......   14%         5    #####..
 Yara's Violent Unravell  Hex/Tmut       ####......   14%         5    #####..
 Force Lance              Conj/Tloc      ##......     17%         4    ###....
 Bolt of Magma            Conj/Fire/Erth ###.......   26%         5    #####..
 Animate Dead             Necr           N/A          28%         4    ###....
 Cause Fear               Hex            #.........   28%         4    ###....
 Fulminant Prism          Conj/Hex       #.........   28%         4    ###....
 Iskenderun's Mystic Bla  Conj           #.......     28%         4    ###....
 Sticky Flame             Conj/Fire      #.......     28%         4    ###....
 Summon Lightning Spire   Summ/Air       #.......     28%         4    ###....
 Fireball                 Conj/Fire      #.........   58%         5    #####..
 Lightning Bolt           Conj/Air       #.........   58%         5    #####..
 Silence                  Hex/Air        #.........   58%         5    #####..
 Summon Demon             Summ           #.........   58%         5    #####..
 Iron Shot                Conj/Erth      ###.......   63%         6    ######.
 Bolt of Fire             Conj/Fire      #.........   98%         6    ######.
 Conjure Ball Lightning   Conj/Air       #.........   98%         6    ######.
 Deflect Missiles         Chrm/Air       #.........   98%         6    ######.
 Ring of Flames           Chrm/Fire      #.........   100%        7    #######
 Ignition                 Fire           #.........   100%        8    #######
 Shatter                  Erth           #####.....   100%        9    #######
 Tornado                  Air            #.........   100%        9    #######


Dungeon Overview and Level Annotations

Branches:
Dungeon (15/15)            Temple (1/1) D:6            Lair (6/6) D:11
 Shoals (4/4) Lair:3       Spider (4/4) Lair:2        Slime (0/5) Lair:6
    Orc (2/2) D:9             Elf (3/3) Orc:2        Vaults (2/5) D:13
  Crypt (0/3) Vaults:2     Depths (0/5) D:15        Ossuary (visited)

Altars:
Ashenzari
Cheibriados
Elyvilon
Fedhas
Gozag
Hepliaklqana
Kikubaaqudgha
Makhleb
Okawaru
Qazlal
Vehumet
Wu Jian
Xom
Yredelemnul
Zin
Jiyva

Shops:
D:10 *   D:11 *   Orc:2 ([*:   Elf:3 }*   Shoals:4 *

Annotations:
D:10 2 transporters, 5 runed translucent doors
D:13 1 runed translucent door, Ochuint's ghost, journeyman DsGl
Lair:6 2 runed translucent doors
Orc:2 4 runed translucent doors, exclusion: orange crystal statue, Johnny's ghost, journeyman TrBe
Vaults:1 Asterion


Innate Abilities, Weirdness & Mutations

You are too large for most types of armour.
You have tough skin. (AC +1)
You have a pair of small horns on your head.
You are partially covered in large bone plates. (SH +4)
You are partially covered in rugged brown scales. (AC +1, +3% HP)
You do not regenerate when monsters are visible.


Message History

The vault warden is severely wounded.
The vault warden hits you but does no damage.
You barely miss the vault warden. Your headbutt misses the vault warden.
The vault warden is severely wounded.
The vault warden hits you with a +3 great sword!!
* * * LOW HITPOINT WARNING * * *
You barely miss the vault warden. You headbutt the vault warden!
The vault warden is almost dead.
You barely miss the vault warden. Your headbutt misses the vault warden.
The vault warden is almost dead.
The vault warden hits you with a +3 great sword!
* * * LOW HITPOINT WARNING * * *
You barely miss the vault warden.
The vault warden is almost dead.
You beat the vault warden like a drum!!!
You kill the vault warden!
The runic seal fades away.
Your life force feels restored.
The yaktaur captain shoots a bolt.
The bolt hits you!!!
You die...

, , ,
#..........#
,,,, * , , ,
#..........#,
,, , ,,
,,+..........#
,, , ,
#..........#,
, ,* ,
#..........+ ,
* +##+#*
**#..........#
, * ....#
#..........# +
* ###.#
#..........#*,
, ≈≈#.#
#....†(@...#*
,,, * ≈≈#.#
######)#####
###.# #cc{,,
,,* ....#
##{.c* * ,
###+###### ...
, ,,
#.......##
*+++# , ,, *
##.......## ,
,,,,, *
##.......## *
, ,***, ,, ,*
##...>†..## {
{ **, ,,, *


You could see a yaktaur captain.

Vanquished Creatures
  Nikola (Spider:2)
  Jorgrun (D:12)
  Rupert (Spider:1)
  A deep elf blademaster (Elf:3)
  Kirke (D:12)
  Polyphemus (Shoals:2)
  Roxanne (Shoals:4)
  Donald (Orc:1)
  An orc warlord (Orc:2)
  2 deep elf sorcerers
  Louise (D:14)
  2 ghost moths (Spider:4)
  2 vault wardens (Vaults:1)
  6 emperor scorpions
  A deep elf elementalist (Elf:1)
  An ironheart preserver (Vaults:1)
  4 entropy weavers
  Nessos (Lair:5)
  A deep elf demonologist (Elf:3)
  A deep elf annihilator (Elf:3)
  2 spark wasps
  6 merfolk impalers
  A deep elf death mage (Elf:3)
  2 merfolk javelineers (Shoals:4)
  Josephine (Lair:5)
  2 fire dragons
  3 deep elf high priests
  An ice dragon (D:15)
  2 anacondas
  2 centaur warriors
  10 hydras
  3 merfolk aquamancers (Shoals:4)
  A catoblepas (Shoals:3)
  7 two-headed ogres
  An ogre mage (D:15)
  A deep troll shaman (Vaults:1)
  3 merfolk avatars
  2 alligator snapping turtles
  15 death yaks
  3 satyrs
  15 dancing weapons
  5 orc high priests
  Urug (D:13)
  A deep troll earth mage (Vaults:1)
  Sonja (Lair:2)
  A fire crab (Lair:5)
  11 deep elf knights
  4 sea snakes
  5 unseen horrors
  3 deep trolls (Vaults:1)
  2 wizards (Vaults:1)
  13 deep elf archers
  Pikel (D:7)
  51 deep elf magi
  17 harpies
  A lindwurm (Lair:6)
  7 orc knights
  24 wolf spiders
  8 fauns
  19 orb spiders
  4 orc sorcerers (Orc:2)
  8 ugly things
  10 manticores
  5 cyclopes
  8 merfolk sirens
  A black mamba (shapeshifter) (D:14)
  2 vault sentinels (Vaults:1)
  6 black mambas
  Joseph (D:8)
  5 spiny frogs
  6 elephants
  A torpor snail (Lair:6)
  2 gargoyles
  2 molten gargoyles (Lair:6)
  3 moths of wrath
  4 water nymphs
  A spiny frog (shapeshifter) (Elf:3)
  A kobold demonologist (D:11)
  A yaktaur (Vaults:1)
  7 komodo dragons
  A redback zombie (D:15)
  2 ice devils
  A freezing wraith (D:14)
  6 trolls
  16 demonic crawlers
  28 jumping spiders
  2 polar bears (Lair:5)
  5 wind drakes
  9 slime creatures
  10 hornets
  24 merfolk
  A wolf spider simulacrum (D:15)
  7 dream sheep
  6 snapping turtles
  9 blink frogs
  12 hippogriffs
  2 air elementals
  30 tarantellas
  2 centaur simulacra (D:15)
  63 redbacks
  2 spriggans (shapeshifter)
  A spriggan (D:7)
  7 wyverns
  6 water elementals
  A fire elemental (Elf:2)
  6 wraiths
  A hog (shapeshifter) (Elf:1)
  58 yaks
  3 vampire mosquitoes (D:15)
  6 basilisks
  14 humans
  5 hungry ghosts
  A redback simulacrum (D:15)
  2 hogs
  3 steam dragons (Lair:6)
  Menkaure (D:7)
  Edmund (D:5)
  A warg (Vaults:1)
  An acid dragon (D:15)
  5 hell hounds (Lair:6)
  Duvessa (D:7)
  12 water moccasins
  40 orc warriors
  3 porcupines
  7 ice beasts
  3 sky beasts
  10 ogres
  A black bear (D:7)
  4 necrophages (D:8)
  22 centaurs
  5 wolves
  8 crocodiles
  Blork the orc (D:6)
  2 big kobolds
  16 bullfrogs
  An earth elemental (Elf:2)
  Dowan (D:7)
  2 scorpions
  19 wights
  4 killer bees (D:9)
  3 electric eels
  5 howler monkeys
  4 centaur zombies
  8 crimson imps
  4 bullfrog zombies
  4 lava snakes (Lair:6)
  A quasit (D:13)
  3 jellies
  2 centaur skeletons
  8 hounds
  24 orc priests
  31 orc wizards
  2 bullfrog skeletons
  2 iguanas
  5 worker ants
  Natasha (twice) (D:3)
  15 mummies
  3 gnolls
  3 worker ant zombies
  11 adders
  2 shadow imps
  2 white imps (D:15)
  An ufetubus (D:15)
  3 oozes
  3 adder zombies
  3 worms
  A dart slug (D:4)
  4 leopard geckos
  107 orcs
  4 bats
  6 giant cockroaches
  4 goblins
  7 hobgoblins
  16 jackals
  5 quokkas
  4 ball pythons
  8 frilled lizards
  5 gnoll skeletons (Ossuary)
  10 kobolds
  2 kobold skeletons (Ossuary)
  A leopard gecko skeleton (D:6)
  An orc skeleton (Ossuary)
  A quokka skeleton (D:4)
  A quokka zombie (D:8)
  3 rats
  11 rat skeletons (Ossuary)
1245 creatures vanquished.

Vanquished Creatures (others)
  A redback (Spider:3)
  3 humans
  A slave (D:7)
  An adder (D:7)
  4 orcs (D:7)
  A kobold (D:7)
  A bush (Lair:4)
  A fire vortex (Elf:3)
  38 fungi
  20 plants
  4 tentacles (Shoals:1)
  6 withered plants (D:8)
81 creatures vanquished.

Grand Total: 1326 creatures vanquished

Notes
Turn   | Place    | Note
-------+----------+-------------------------------------------
     0 | D:1      | qpqp the Ogre Fighter began the quest for the Orb.
     0 | D:1      | Reached XP level 1. HP: 24/24 MP: 1/1
   180 | D:1      | Reached XP level 2. HP: 30/32 MP: 2/2
   407 | D:3      | Found a faded altar of an unknown god.
   439 | D:3      | Became a worshipper of Ashenzari the Shackled
   439 | D:3      | Reached * piety under Ashenzari
   456 | D:3      | Reached XP level 3. HP: 16/40 MP: 3/3
   977 | D:2      | Found a blossoming altar of Fedhas.
  1101 | D:2      | Found an iron altar of Okawaru.
  1105 | D:2      | Found a snail-covered altar of Cheibriados.
  1105 | D:2      | Found an opulent altar of Gozag.
  1106 | D:2      | Found a white marble altar of Elyvilon.
  1108 | D:2      | Found a basalt altar of Yredelemnul.
  1823 | D:1      | Reached XP level 4. HP: 48/49 MP: 4/4
  2381 | D:3      | Reached skill level 5 in Fighting
  2415 | D:3      | Noticed Natasha
  2425 | D:3      | Killed Natasha
  2428 | D:3      | Noticed Natasha
  2517 | D:3      | Killed Natasha
  2517 | D:3      | Reached XP level 5. HP: 39/57 MP: 5/5
  3369 | D:3      | Reached ** piety under Ashenzari
  4151 | D:5      | Entered Level 5 of the Dungeon
  4202 | D:5      | Reached XP level 6. HP: 67/67 MP: 6/6
  4559 | D:4      | Reached skill level 6 in Fighting
  4599 | D:4      | Found a radiant altar of Vehumet.
  4600 | D:4      | Found a shimmering altar of Xom.
  4625 | D:4      | Noticed an ice beast
  4672 | D:4      | Killed an ice beast
  5885 | D:4      | Reached XP level 7. HP: 76/76 MP: 7/7
  6059 | D:5      | Gained mutation: You are agile. (Dex +2) [potion of
                  | mutation]
  6059 | D:5      | Gained mutation: You are partially covered in large bone
                  | plates. (SH +4) [potion of mutation]
  6067 | D:5      | Reached skill level 7 in Fighting
  6411 | D:5      | Reached skill level 5 in Dodging
  6698 | D:5      | Noticed Edmund
  6714 | D:6      | Noticed Blork the orc
  6966 | D:6      | Reached XP level 8. HP: 83/88 MP: 8/8
  7101 | D:6      | Reached *** piety under Ashenzari
  7245 | D:6      | Found a staircase to the Ecumenical Temple.
  8146 | D:5      | Killed Edmund
  8146 | D:5      | Reached skill level 8 in Fighting
  8146 | D:5      | Reached skill level 5 in Maces & Flails
  8654 | D:6      | Killed Blork the orc
  8911 | Temple   | Entered the Ecumenical Temple
  9775 | D:6      | Reached skill level 9 in Fighting
  9960 | D:7      | Noticed Duvessa
  9960 | D:7      | Noticed Dowan
 10002 | D:8      | Reached XP level 9. HP: 80/100 MP: 9/9
 10133 | D:8      | Found a sand-covered staircase.
 10141 | Ossuary  | Entered an ossuary
 10708 | D:8      | Reached skill level 10 in Fighting
 11215 | D:8      | Noticed a two-headed ogre
 11226 | D:8      | Killed a two-headed ogre
 11226 | D:8      | Reached skill level 11 in Fighting
 11226 | D:8      | Reached XP level 10. HP: 11/112 MP: 10/10
 11630 | D:7      | Found an ornate altar of the Wu Jian Council.
 12169 | D:8      | Found a blossoming altar of Fedhas.
 12411 | D:8      | Noticed Joseph
 12460 | D:8      | Killed Joseph
 12865 | D:7      | Noticed Menkaure
 12869 | D:7      | Killed Duvessa
 12873 | D:7      | Killed Menkaure
 12886 | D:7      | Killed Dowan
 12924 | D:7      | Reached skill level 12 in Fighting
 13189 | D:7      | Noticed Pikel
 13228 | D:7      | Killed Pikel
 13486 | D:7      | Found a shattered altar of Ashenzari.
 13488 | D:7      | Found a hazy altar of Hepliaklqana.
 13488 | D:7      | Found a stormy altar of Qazlal.
 13714 | D:7      | Found a glowing silver altar of Zin.
 14809 | D:9      | Reached XP level 11. HP: 108/121 MP: 11/11
 15251 | D:10     | Entered Level 10 of the Dungeon
 15691 | D:9      | Found a staircase to the Orcish Mines.
 16498 | D:9      | Reached skill level 13 in Fighting
 16901 | D:9      | Found a burning altar of Makhleb.
 17060 | D:10     | Found a transporter.
 17417 | D:11     | Found a staircase to the Lair.
 17494 | D:11     | Identified the amulet of Nafficlo {*Contam Regen+ Int+9
                  | Dex+2}
 17494 | D:11     | Noticed a six-headed hydra
 17583 | D:11     | Killed a six-headed hydra
 17985 | D:11     | Found Uzxia's Assorted Antiques.
 17993 | D:11     | Bought a scroll labeled TODOYN WIUDGH for 35 gold pieces
 17993 | D:11     | Bought a potion of heal wounds for 175 gold pieces
 18584 | D:11     | Reached skill level 10 in Dodging
 19404 | D:12     | Noticed Jorgrun
 19678 | D:12     | Noticed Kirke
 19996 | D:12     | Killed Kirke
 19996 | D:12     | Reached skill level 14 in Fighting
 19996 | D:12     | Reached skill level 10 in Maces & Flails
 20089 | D:12     | Noticed a cyclops
 20489 | D:10     | Found a runed translucent gate.
 20489 | D:10     | Found a runed translucent gate.
 20497 | D:10     | Found a runed translucent gate.
 20506 | D:10     | Found a runed translucent door.
 20554 | D:10     | Killed an unseen horror
 20554 | D:10     | Reached XP level 12. HP: 92/139 MP: 12/12
 22359 | Lair:1   | Entered Level 1 of the Lair of Beasts
 22374 | Lair:1   | Learned a level 1 spell: Apportation
 22378 | Lair:1   | Learned a level 3 spell: Regeneration
 22481 | Lair:2   | Noticed Sonja
 23366 | Lair:2   | Killed Sonja
 23735 | Lair:2   | Found a hole to the Spider Nest.
 24393 | Lair:3   | Noticed a four-headed hydra
 24600 | Lair:4   | Noticed an eight-headed hydra
 24720 | Lair:3   | Reached skill level 15 in Fighting
 25151 | Lair:3   | Reached **** piety under Ashenzari
 25463 | Lair:3   | Killed a four-headed hydra
 25727 | Lair:3   | Found a staircase to the Shoals.
 26500 | Lair:3   | Noticed a seven-headed hydra
 26514 | Lair:3   | Killed a seven-headed hydra
 26843 | Lair:3   | Reached XP level 13. HP: 112/152 MP: 13/13
 26934 | Lair:4   | Learned a level 1 spell: Confusing Touch
 27261 | Lair:4   | Reached skill level 16 in Fighting
 27276 | Lair:4   | Identified 2 scrolls of acquirement
 27298 | Lair:4   | Got the cursed great mace of Vokacut {antimagic, rPois
                  | Str+4 Stlth-}
 27313 | Lair:4   | Identified the cursed +8 great mace of Vokacut {antimagic,
                  | rPois Str+4 Stlth-} (You acquired it on level 4 of the Lair
                  | of Beasts)
 28176 | Lair:6   | Entered Level 6 of the Lair of Beasts
 28399 | Lair:5   | Noticed Josephine
 28407 | Lair:5   | Killed Josephine
 28929 | Lair:5   | Noticed Nessos
 29024 | Lair:5   | Found the +2 cloak of the Thief {+Fog Slay-2 SInv Stlth+}
 29074 | Lair:5   | Reached ***** piety under Ashenzari
 29268 | Lair:5   | Reached XP level 14. HP: 55/163 MP: 4/14
 29452 | Lair:5   | Killed Nessos
 29915 | Lair:5   | Reached skill level 17 in Fighting
 30907 | Lair:6   | Found a viscous altar of Jiyva.
 30907 | Lair:6   | Found a staircase to the Slime Pits.
 31434 | Lair:6   | Found a large runed translucent door.
 31434 | Lair:6   | Found a large runed translucent door.
 31764 | D:12     | Killed Jorgrun
 31764 | D:12     | Reached skill level 1 in Armour
 32028 | D:13     | Found a gate to the Vaults.
 32028 | D:13     | Noticed Urug
 32269 | D:13     | Killed Urug
 32269 | D:13     | Reached XP level 15. HP: 143/176 MP: 5/15
 32392 | D:13     | Reached skill level 18 in Fighting
 32469 | D:13     | Found a runed translucent door.
 32791 | D:13     | Noticed Ochuint's ghost (journeyman DsGl)
 32965 | D:14     | Noticed Louise
 32975 | D:14     | Killed Louise
 33572 | D:15     | Entered Level 15 of the Dungeon
 33779 | D:15     | Found a staircase to the Depths.
 33869 | D:15     | Found a burning altar of Makhleb.
 34249 | D:15     | Reached skill level 15 in Maces & Flails
 35273 | D:15     | Found a shattered altar of Ashenzari.
 35431 | D:10     | Reached ****** piety under Ashenzari
 35442 | D:10     | Found Dirphor's General Store.
 35443 | D:10     | Found a runed translucent door.
 35448 | D:10     | Bought a scroll of teleportation for 39 gold pieces
 35448 | D:10     | Bought a scroll of remove curse for 39 gold pieces
 35453 | D:10     | Found the +9 staff of Olgreb {rPois}
 35668 | D:10     | Found a transporter.
 36045 | Orc:1    | Entered Level 1 of the Orcish Mines
 36449 | Orc:2    | Entered Level 2 of the Orcish Mines
 36522 | Orc:2    | Noticed Donald
 36552 | Orc:1    | Killed Donald
 36634 | Orc:2    | Noticed Johnny's ghost (journeyman TrBe)
 36807 | Orc:2    | Found a runed translucent gate.
 36808 | Orc:2    | Found a runed translucent gate.
 36809 | Orc:2    | Found a runed translucent gate.
 36847 | Orc:2    | Found a runed translucent door.
 36848 | Orc:2    | Found the +10 large shield of Ignorance {rN+ Int-4}
 37777 | Orc:2    | Found a staircase to the Elven Halls.
 37886 | Orc:2    | Found Xiyl's Antique Armour Shop.
 37887 | Orc:2    | Found Naokhiana's Antique Weapon Boutique.
 37889 | Orc:2    | Found Qaumukil's General Store.
 37889 | Orc:2    | Found Asoahin's Book Shop.
 37895 | Orc:2    | Bought a book of the Earth for 1040 gold pieces
 37902 | Orc:2    | Learned a level 6 spell: Statue Form
 37986 | Orc:2    | Noticed an orc warlord
 37994 | Orc:2    | Killed an orc warlord
 37994 | Orc:2    | Reached XP level 16. HP: 176/188 MP: 5/16
 38030 | Orc:2    | Found a runed translucent door.
 38314 | Elf:1    | Entered Level 1 of the Elven Halls
 38446 | Elf:1    | Reached skill level 1 in Spellcasting
 38448 | Elf:1    | Reached skill level 1 in Transmutations
 38479 | Elf:1    | Reached skill level 1 in Earth Magic
 38919 | Elf:1    | Identified the Incunabulum of Creative Arcane Weapons
 39295 | Elf:1    | Reached skill level 5 in Armour
 39914 | Elf:1    | Gained mutation: You are frail. (-10% HP) [a neqoxec]
 39915 | Elf:1    | Gained mutation: You are weak. (Str -2) [a neqoxec]
 40345 | Elf:2    | Reached skill level 19 in Fighting
 41149 | Elf:2    | Found an ancient bone altar of Kikubaaqudgha.
 41224 | Elf:2    | Reached skill level 1 in Evocations
 41238 | Elf:2    | Found a runed translucent gate.
 41238 | Elf:2    | Found a runed translucent gate.
 41238 | Elf:2    | Found a runed translucent gate.
 41284 | Elf:3    | Entered Level 3 of the Elven Halls
 41546 | Elf:3    | Reached XP level 17. HP: 79/178 MP: 7/23
 41755 | Elf:3    | Found Okkuivyh's Elven Fire.
 42024 | Elf:3    | Found Adimaog's Gadget Shoppe.
 42947 | Spider:1 | Entered Level 1 of the Spider Nest
 43399 | Spider:1 | HP: 5/178 [emperor scorpion (12)]
 43586 | Shoals:1 | Entered Level 1 of the Shoals
 43975 | Shoals:1 | Identified the +8 flail "Febiuh" {speed, *Noise +Rage +Inv
                  | rF++}
 44382 | Shoals:2 | Reached skill level 5 in Spellcasting
 45389 | Shoals:1 | Noticed a kraken
 46557 | Shoals:3 | Identified the cursed +1 scimitar "Lul Esomorph" {elec,
                  | rPois}
 46575 | Shoals:3 | Identified the +8 halberd "Qiuga" {drain, rN+}
 46600 | Shoals:4 | Entered Level 4 of the Shoals
 46648 | Shoals:4 | Identified Roxanne's Tome of Transmutation
 46648 | Shoals:4 | Noticed Roxanne
 47387 | Shoals:3 | Noticed Polyphemus
 47420 | Shoals:2 | Reached skill level 5 in Transmutations
 47460 | Shoals:2 | Killed Polyphemus
 48718 | Shoals:4 | Reached XP level 18. HP: 162/189 MP: 9/27
 48836 | Shoals:4 | Reached skill level 15 in Dodging
 49046 | Shoals:4 | Killed Roxanne
 49053 | Shoals:4 | Learned a level 2 spell: Blink
 50399 | Elf:2    | Gained mutation: You tend to lose your temper in combat.
                  | [mutagenic glow]
 50839 | Elf:3    | Noticed a deep elf blademaster
 50884 | Elf:3    | Killed a deep elf blademaster
 52586 | Shoals:4 | Reached skill level 5 in Earth Magic
 52746 | Shoals:4 | Reached skill level 20 in Fighting
 53219 | Shoals:4 | Reached skill level 1 in Translocations
 53409 | Shoals:4 | Got a barnacled rune of Zot
 53535 | Shoals:4 | Found Toanolyol's General Store.
 53543 | Shoals:4 | Bought a scroll of teleportation for 39 gold pieces
 53543 | Shoals:4 | Bought a potion of heal wounds for 65 gold pieces
 53874 | Shoals:4 | Identified the ring of the Devil {+Fly rC+ MR+ Stlth+}
 54568 | Spider:1 | Noticed Rupert
 55275 | Spider:2 | Found the +5 robe of Night {Dark MR+ SInv}
 55491 | Spider:2 | Noticed Nikola
 55503 | Spider:2 | Killed Nikola
 56677 | Spider:3 | Reached XP level 19. HP: 66/197 MP: 10/31
 57168 | Spider:3 | Lost mutation: You are weak. (Str -2) [potion of mutation]
 57168 | Spider:3 | Lost mutation: You tend to lose your temper in combat.
                  | [potion of mutation]
 57168 | Spider:3 | Lost mutation: You are agile. (Dex +2) [potion of mutation]
 57168 | Spider:3 | Gained mutation: Your flesh is heat resistant. (rF+)
                  | [potion of mutation]
 57225 | D:11     | Lost mutation: You are frail. (-10% HP) [potion of
                  | mutation]
 57225 | D:11     | Lost mutation: Your flesh is heat resistant. (rF+) [potion
                  | of mutation]
 57225 | D:11     | Gained mutation: You are partially covered in rugged brown
                  | scales. (AC +1, +3% HP) [potion of mutation]
 57225 | D:11     | Gained mutation: You do not regenerate when monsters are
                  | visible. [potion of mutation]
 57225 | D:11     | Gained mutation: You have a pair of small horns on your
                  | head. [potion of mutation]
 57536 | Spider:1 | Killed Rupert
 58283 | Spider:4 | Entered Level 4 of the Spider Nest
 60096 | Spider:4 | Reached skill level 5 in Evocations
 60646 | Spider:4 | Got a gossamer rune of Zot
 60920 | Vaults:1 | Entered Level 1 of the Vaults
 61471 | Vaults:1 | Noticed Asterion
 61674 | Vaults:1 | Shot with a bolt by a yaktaur captain

Levels and vault maps discovered:
D:1:      roderic_crop_circles_arrival_small, layout_basic
D:2:      layout_basic, minitemple
D:3:      kb_forest_paths, layout_basic, chequers_ecumenical_altar_island,
          uniq_natasha
D:4:      layout_basic, gammafunk_temple_overflow_statue, first_ration
D:5:      layout_basic, uniq_edmund
D:6:      layout_gridville, minmay_temple_entry_offerings, uniq_blork_the_orc
D:7:      layout_basic, lemuel_round_altar,
          chequers_temple_overflow_statue_of_worship, basic_altar, the_bakery,
          uniq_menkaure, uniq_pikel, uniq_duvessa
D:8:      layout_loops_ring, serial_undead, serial_undead_c, serial_undead_e,
          serial_undead_a, serial_undead_e, serial_undead_d, serial_undead_b,
          serial_undead_c, serial_undead_a, basic_altar,
          gup_ossuary_entry_pyramid, uniq_joseph
D:9:      layout_irregular_city, kennysheep_mini, erik_orc_2
D:10:     gammafunk_jiyva_shrine, layout_irregular_city, serial_shops,
          nicolae_shop_statue_plus, minmay_guarded_unrand_staff_of_olgreb
D:11:     layout_roguey, lair_entry_dummy, serial_shops, nicolae_shop_trees
D:12:     layout_basic, portal_ice_cave_demonic_guard, uniq_jorgrun, uniq_kirke
D:13:     layout_rooms, david_vaults_3, enter_bailey_2,
          ebering_ghost_reflecting_pool, gauntlet_entry_generic,
          statue_in_the_mist_lemuel
D:14:     layout_roguey, small_statue_intersection, minmay_door_square,
          uniq_louise
D:15:     grunt_enter_depths_hoard, layout_gridville, ashenzari_altar_1,
          basic_altar, serial_ice, serial_ice_k, serial_ice_c, serial_ice_o,
          serial_ice_d, serial_ice_m, serial_ice_e
Temple:   nicolae_temple_figure_zero
Lair:1:   layout_roguey
Lair:2:   layout_chaotic_city, spider_nest_entry_web_field, grunt_megastairs_4,
          uniq_sonja
Lair:3:   layout_cave_pods, minmay_shoals_entry_lonely_mermaid
Lair:4:   layout_concentric_octagons
Lair:5:   layout_regular_city, wad_woods_river_01, uniq_josephine, uniq_nessos
Lair:6:   cheibrodos_lair_end_hotspot, layout_misc_corridors,
          dpeg_slime_entry_enclosed_altar
Shoals:1: layout_shoals, nicolae_shoals_kraken_intersection
Shoals:2: layout_shoals
Shoals:3: layout_shoals, nicolae_shoals_siren_and_animal_friends,
          uniq_polyphemus
Shoals:4: shoals_end_hangedman, layout_shoals, serial_shops,
          nicolae_shop_waterfront, uniq_roxanne
Spider:1: layout_spider_delve, nicolae_spider_shape, uniq_rupert
Spider:2: nicolae_spider_mines_3, uniq_nikola
Spider:3: layout_spider_delve, nicolae_orb_stairs
Spider:4: guppyfry_spider_rune
Orc:1:    layout_caves
Orc:2:    st_orc_congregation, layout_caves, maelrawn_ghost_gauntlet_escape,
          chequers_guarded_unrand_ignorance, uniq_donald
Elf:1:    layout_geoelf_diagonals, minmay_elf_sorcery
Elf:2:    layout_geoelf_diagonals, guppyfry_elf_altar
Elf:3:    elf_hall, layout_loops_cross, serial_shops, nicolae_shop_behind_doors,
          guppyfry_elf_lava
Vaults:1: vaults_room_guarded_vault, vaults_dpeg_encased_lava,
          nicolae_vaults_rhombus_7, vaults_room_grunt_arrival_checkpoint,
          v_misc_8, v_misc_24, nicolae_vaults_stairing_the_circle,
          nicolae_vaults_yaktaur_gun_rack, hangedman_vaults_slither,
          vaults_dpeg_diagonal, v_pattern_1, vaults_room_mumra_shop_pool,
          nicolae_vaults_border_crossing, layout_vaults_ring, uniq_asterion
Vaults:2: minmay_crypt_entry_simple_box, ontoclasm_vaults_bender,
          nicolae_vaults_ninety_degrees, v_misc_24,
          vaults_mumra_minichess_inversion, nicolae_vaults_diagonal_hallway_7,
          v_pattern_4, hangedman_vaults_nodes, ontoclasm_vaults_ligature,
          v_misc_11, ontoclasm_vaults_shuriken, grunt_vaults_hallway_short,
          st_smaller_cells, vaults_room_pools, hangedman_vaults_trim,
          layout_vaults_big_room

Skill      XL: |  1  2  3  4  5  6  7  8  9 10 11 12 13 14 15 16 17 18 19 |
---------------+----------------------------------------------------------+-----
Maces & Flails | 2 3 4 6 7 8 10 11 12 14 15 16 17 18 | 18.2
Dodging        | 3 4 5 6 8 9 10 11 12 13 14 15 16 | 16.1
Fighting       | 5 6 7 9 11 12 14 15 16 17 18 19 20 | 20.9
Armour         | 2 4 5 |  5.6
Spellcasting   | 4 6 8 |  8.6
Transmutations | 3 5 |  5.9
Earth Magic    | 3 4 5 |  5.1
Evocations     | 1 2 4 5 |  5.9
Translocations | 1 |  1.0
Shields        | |  2.7

Action                   |  1- 3 |  4- 6 |  7- 9 | 10-12 | 13-15 | 16-18 | 19-21 || total
-------------------------+-------+-------+-------+-------+-------+-------+-------++-------
Melee: Flail             |    25 |       |       |    95 |    51 |   233 |       ||   404
       Whip              |    71 |   204 |   609 |  1142 |       |       |       ||  2026
       Great mace        |       |       |       |       |   964 |  1215 |   404 ||  2583
       Headbutt          |       |       |       |       |       |       |    90 ||    90
Throw: Dart              |       |    11 |    32 |    73 |    23 |    13 |       ||   152
 Cast: Apportation       |       |       |       |       |       |     2 |       ||     2
       Statue Form       |       |       |       |       |       |       |    32 ||    32
       Regeneration      |       |       |       |       |       |       |     3 ||     3
       Blink             |       |       |       |       |       |       |     1 ||     1
Invok: Curse Item        |       |     1 |     1 |     1 |     4 |       |       ||     7
 Abil: Evoke Berserk Rag |       |       |     9 |    10 |       |       |       ||    19
       Evoke Fog         |       |       |       |       |       |    14 |     1 ||    15
       Evoke Invisibilit |       |       |       |       |       |     4 |       ||     4
Evoke: Wand              |       |     2 |     4 |    22 |    20 |    19 |    25 ||    92
       Lightning rod     |       |       |       |     4 |       |     2 |       ||     6
       Fan of gales      |       |       |       |       |       |     1 |     1 ||     2
  Use: Potion            |     2 |       |     4 |     4 |     3 |     5 |     9 ||    27
       Scroll            |       |       |     8 |    12 |    17 |    16 |     3 ||    56
 Stab: Distracted        |       |     2 |       |       |       |       |       ||     2
       Sleeping          |       |     1 |     1 |       |       |       |     1 ||     3
       Paralysed         |       |       |       |     1 |       |       |       ||     1
       Invisible         |       |       |       |       |     4 |     8 |       ||    12
       Confused          |       |       |       |       |       |     3 |       ||     3
  Eat: Chunk             |     3 |     9 |    17 |    46 |    31 |    51 |    18 ||   175
       Ration            |       |     1 |     4 |     4 |     2 |     5 |     4 ||    20
Armor: Robe              |    25 |    19 |    37 |    60 |       |    25 |    28 ||   194
       Troll leather arm |       |       |       |     5 |   100 |   149 |       ||   254
       Steam dragon scal |       |       |       |       |       |    14 |       ||    14
       Skin              |       |       |       |       |       |       |   302 ||   302
Dodge: Dodged            |    26 |    45 |   129 |   318 |   790 |  1045 |   637 ||  2990
       Deflected         |       |       |       |       |    41 |    24 |       ||    65
Block: Shield            |    45 |    54 |   312 |   530 |    35 |       |       ||   976
       Other             |       |       |       |       |   142 |   172 |   130 ||   444
       Large shield      |       |       |       |       |       |   255 |       ||   255
